Pick #1

Connor Bedard
Pick #2

Leo Carlsson
Pick #3

Adam Fantilli
Pick #4

Matvei Michkov
Pick #5

David Reinbacher
Pick #6

William Smith
Pick #7

Zachary Benson
Pick #8

Ryan Leonard
Pick #9

Gabriel Perreault
Pick #10

Axel Sandin-Pellika
Pick #11

Daniil But
Pick #12

Dalibor Dvorsky
Pick #13

Quentin Musty
Pick #14

Brayden Yager
Pick #15

Dmitry Simashev
Pick #16

Colby Barlow
Pick #17

Andrew Cristall
Pick #18

Easton Cowan
Pick #19

Jacob Fowler
Pick #20

Oliver Moore
Pick #21

Oliver Bonk
Pick #22

Tom Willander
Pick #23

Calum Ritchie
Pick #24

Tanner Molendyk
Pick #25

Gavin Brindley
Pick #26

Nate Danielson
Pick #27

Pick #28

Pick #29

Pick #30

Pick #31

Pick #32

Pick #33

Pick #34

Pick #35

Pick #36

Pick #37

Pick #38

Pick #39

Pick #40

Pick #41

Pick #42

Pick #43

Pick #44

Pick #45

Pick #46

Pick #47

Pick #48

Pick #49

Pick #50

Pick #51

Pick #52

Pick #53

Pick #54

Pick #55

Pick #56

Pick #57

Pick #58

Pick #59

Pick #60

Pick #61

Pick #62

Pick #63

Pick #64

Pick #65

Pick #66

Pick #67

Pick #68

Pick #69

Pick #70

Pick #71

Pick #72

Pick #73

Pick #74

Pick #75

Pick #76

Pick #77

Pick #78

Pick #79

Pick #80

Pick #81

Pick #82

Pick #83

Pick #84

Pick #85

Pick #86

Pick #87

Pick #88

Pick #89

Pick #90

Pick #91

Pick #92

Pick #93

Pick #94

Pick #95

Pick #96

Pick #97

Pick #98

Pick #99

Pick #100

Pick #101

Pick #102

Pick #103

Pick #104

Pick #105

Pick #106

Pick #107

Pick #108

Pick #109

Pick #110

Pick #111

Pick #112

Pick #113

Pick #114

Pick #115

Pick #116

Pick #117

Pick #118

Pick #119

Pick #120

Pick #121

Pick #122

Pick #123

Pick #124

Pick #125

Pick #126

Pick #127

Pick #128

Pick #129

Pick #130

Full Scoreboard »»

MapleLeafs vs Canadiens (R4)

Created - March 17, 2024 at 11:36

Goals
1 2 3 T
MapleLeafs 0 0 0 0
Canadiens 0 1 1 2
Shots
1 2 3 T
MapleLeafs 1 2 13 16
Canadiens 8 17 12 37

GoalsPenalties
1st period
No Goal
Brendan Gallagher (MTL) for Fighting (Major) at 2:09
Alexander Romanov (TOR) for Fighting (Major) at 2:09
Alexander Romanov (TOR) for instigated a fight (Game Misconduct) at 2:09
Andrew Cogliano (MTL) for Interference (Minor) at 6:57
Erik Cernak (TOR) for Hooking (Minor) at 10:13
Shane Pinto (TOR) for Cross-checking (Minor) at 17:52
2nd period
1. Canadiens , Filip Forsberg 33 (Ivan Provorov 34, Leon Draisaitl 34) at 18:36 (PP)
Rasmus Sandin (TOR) for Interference (Minor) at 2:18
Rasmus Sandin (TOR) for Hooking (Minor) at 8:19
Zach Whitecloud (TOR) for High sticking (Minor) at 14:02
Drake Batherson (TOR) for Hooking (Minor) at 17:19
3rd period
2. Canadiens , Leon Draisaitl 35 (Valeri Nichushkin 40, Filip Forsberg 32) at 13:51
Rasmus Sandin (TOR) for Roughing (Minor) at 7:54
Alex Goligoski (MTL) for High sticking (Minor) at 10:37
Jaccob Slavin (MTL) for Tripping (Minor) at 17:02
Goalie Stats
Jordan Binnington (TOR), 35 saves from 37 shots - (0.946), L, 19-19-6, 60:00 minutes
Elvis Merzlikins (MTL), 16 saves from 16 shots - (1.000), W, 13-15-2, 60:00 minutes
3 StarsOfficial
1 - Filip Forsberg (MTL)
2 - Elvis Merzlikins (MTL)
3 - Leon Draisaitl (MTL)
Referees : Conor O'Donnell and Tom Chmielewski
Linesman : Steven Berry and Trent Knorr
Game Note
Brendan Gallagher and Alexander Romanov fight to a draw at 2:09 of 1st period
Alexander Romanov (TOR) for instigated a fight (Game Misconduct) at 2:09
Alexander Romanov ejected from game at 2:09 of 1st period
Finance
Level 1 -- Attendance: 6433 (98.97%) -- Ticket Income $771,960
Level 2 -- Attendance: 4350 (87.00%) -- Ticket Income $369,750
Level 3 -- Attendance: 2858 (81.66%) -- Ticket Income $185,770
Level 4 -- Attendance: 2729 (51.62%) -- Ticket Income $54,580
Luxury Box -- Attendance: 901 (90.10%) -- Ticket Income $198,220
Game was played at the Bell Centre.
Total Attendance: 17271 (81.13%)
Total Ticket Income: $1,580,280
Other Income: $395,070
Total Income: $1,975,350



Team Name Goals Shots Shots Attemp Shots Blocked PIM HIT PP PK FO%
MapleLeafs 016311331280 / 3 (0%)143%
Canadiens 23773111201 / 8 (13%)057%

MapleLeafs
Player Name POS G A P +/- PIM HIT SHT SB MP PP MP PP SHT PK MP PK SHT FO% FOT
Alexander RomanovD0000170000:470:0000:0000% 0
Anthony DuclairLW0000000018:582:2505:09050% 2
Arthur KaliyevRW0000001011:300:0000:060100% 1
Barrett HaytonC0000001114:382:2500:24025% 8
Drake BathersonRW0000212014:513:3220:0000% 0
Elmer SoderblomLW000-100005:450:0000:0000% 0
Erik CernakD000-1281120:360:5609:5710% 0
Filip ChytilC0000012218:322:2504:58043% 21
John MarinoD0000001328:383:5208:0700% 0
Jonatan BerggrenRW0000001011:030:0000:0000% 0
Jonathan HuberdeauC0000011016:073:3200:0000% 1
Nicolas HagueD0000012125:261:5118:2700% 0
Noah CatesLW000-1002015:070:00010:01133% 3
Noel AcciariC000-1041114:590:0009:53035% 26
Rasmus SandinD000-1640223:173:2402:0300% 0
Shane PintoC0000221014:513:3200:00067% 18
Trent FredericC0000020011:030:0000:0000% 1
Zach WhitecloudD0000240218:341:5101:3500% 0
Canadiens
Player Name POS G A P +/- PIM HIT SHT SB MP PP MP PP SHT PK MP PK SHT FO% FOT
Alex GoligoskiD0000211014:310:4301:0500% 0
Alexander KerfootC000000008:120:0002:450100% 4
Andrew CoglianoC000020207:170:0001:5100% 1
Anthony ManthaRW0000021011:050:0000:0000% 0
Artturi LehkonenLW0000031022:048:1612:3700% 0
Brendan GallagherRW000051005:250:0000:0000% 0
Daniel SprongRW0000001011:040:0000:0000% 1
Filip ForsbergLW1121035019:346:5431:2900% 0
Ivan ProvorovD0110013020:175:3133:2600% 0
Jaccob SlavinD0001200022:106:4702:2100% 0
Lars EllerC0000012011:040:0000:00050% 10
Leon DraisaitlC1121006018:056:5450:00062% 26
Mattias EkholmD0001012024:308:5622:3100% 0
Ryan O'ReillyC0000015022:398:1613:12054% 37
Ryan SuterD0000002123:177:4022:3100% 0
Teuvo TeravainenLW0000001019:278:1600:0000% 0
Trevor van RiemsdykD0000030015:130:4300:0000% 0
Valeri NichushkinRW0111035018:056:5420:00050% 2



Play-by-Play

1st period


0:01 of 1st period - Leon Draisaitl wins face-off versus Shane Pinto in neutral zone.
0:16 of 1st period - Shot by Filip Forsberg.
0:16 of 1st period - Stopped by Jordan Binnington without a rebound.
0:17 of 1st period - Barrett Hayton wins face-off versus Ryan O'Reilly in MapleLeafs zone.
1:25 of 1st period - Daniel Sprong is hit by Trent Frederic and loses puck.
1:36 of 1st period - Shot by Daniel Sprong.
1:36 of 1st period - Shot Blocked by Zach Whitecloud.
1:38 of 1st period - Shot by Lars Eller.
1:38 of 1st period - Stopped by Jordan Binnington without a rebound.
1:39 of 1st period - Alexander Kerfoot wins face-off versus Shane Pinto in MapleLeafs zone.
2:05 of 1st period - Jonathan Huberdeau is hit by Mattias Ekholm and loses puck.
2:09 of 1st period - Brendan Gallagher and Alexander Romanov fight to a draw.
2:09 of 1st period - Penalty to Brendan Gallagher for Fighting.
2:09 of 1st period - Penalty to Alexander Romanov for Fighting.
2:09 of 1st period - Penalty to Alexander Romanov for instigated a fight.
2:09 of 1st period - Alexander Romanov is ejected from game.
2:10 of 1st period - Noah Cates wins face-off versus Leon Draisaitl in neutral zone.
2:37 of 1st period - Shot by Jaccob Slavin.
2:37 of 1st period - Shot Misses the Net.
2:39 of 1st period - Shot by Ivan Provorov.
2:39 of 1st period - Stopped by Jordan Binnington with a rebound.
2:41 of 1st period - Shot by Leon Draisaitl.
2:41 of 1st period - Stopped by Jordan Binnington with a rebound.
2:52 of 1st period - Off-side.
2:53 of 1st period - Ryan O'Reilly wins face-off versus Filip Chytil in neutral zone.
3:02 of 1st period - Shot by Artturi Lehkonen.
3:02 of 1st period - Shot Misses the Net.
3:04 of 1st period - Shot by Mattias Ekholm.
3:04 of 1st period - Stopped by Jordan Binnington without a rebound.
3:05 of 1st period - Ryan O'Reilly wins face-off versus Noah Cates in MapleLeafs zone.
3:44 of 1st period - Shot by Ryan O'Reilly.
3:44 of 1st period - Shot Misses the Net.
4:11 of 1st period - Shot by Leon Draisaitl.
4:11 of 1st period - Shot Blocked by Rasmus Sandin.
4:59 of 1st period - Icing by Trevor van Riemsdyk.
5:00 of 1st period - Lars Eller wins face-off versus Filip Chytil in Canadiens zone.
5:14 of 1st period - Icing by John Marino.
5:15 of 1st period - Filip Chytil wins face-off versus Leon Draisaitl in MapleLeafs zone.
5:48 of 1st period - John Marino is hit by Filip Forsberg.
6:57 of 1st period - Minor Penalty to Andrew Cogliano for Interference.
6:58 of 1st period - Shane Pinto wins face-off versus Ryan O'Reilly in Canadiens zone.
7:03 of 1st period - Shot by Erik Cernak.
7:03 of 1st period - Shot Misses the Net.
7:05 of 1st period - Shot by Drake Batherson.
7:05 of 1st period - Stopped by Elvis Merzlikins without a rebound.
7:06 of 1st period - Ryan O'Reilly wins face-off versus Shane Pinto in Canadiens zone.
7:18 of 1st period - Icing by John Marino.
7:19 of 1st period - Ryan O'Reilly wins face-off versus Jonathan Huberdeau in MapleLeafs zone.
9:02 of 1st period - Anthony Duclair is hit by Trevor van Riemsdyk and loses puck.
9:09 of 1st period - Shot by Noel Acciari.
9:09 of 1st period - Shot Misses the Net.
9:36 of 1st period - Icing by Zach Whitecloud.
9:37 of 1st period - Ryan O'Reilly wins face-off versus Noel Acciari in MapleLeafs zone.
10:07 of 1st period - Ryan O'Reilly is hit by Erik Cernak and loses puck.
10:10 of 1st period - Shot by Ryan O'Reilly.
10:10 of 1st period - Shot Misses the Net.
10:13 of 1st period - Minor Penalty to Erik Cernak for Hooking.
10:14 of 1st period - Leon Draisaitl wins face-off versus Noel Acciari in MapleLeafs zone.
10:38 of 1st period - Off-side.
10:39 of 1st period - Ryan O'Reilly wins face-off versus Anthony Duclair in neutral zone.
10:44 of 1st period - Shot by Ryan O'Reilly.
10:44 of 1st period - Stopped by Jordan Binnington without a rebound.
10:45 of 1st period - Leon Draisaitl wins face-off versus Noel Acciari in MapleLeafs zone.
11:17 of 1st period - Shot by Ivan Provorov.
11:17 of 1st period - Stopped by Jordan Binnington without a rebound.
11:18 of 1st period - Ryan O'Reilly wins face-off versus Filip Chytil in MapleLeafs zone.
11:21 of 1st period - Shot by Teuvo Teravainen.
11:21 of 1st period - Shot Blocked by Rasmus Sandin.
11:42 of 1st period - Icing by Ryan O'Reilly.
11:43 of 1st period - Filip Chytil wins face-off versus Ryan O'Reilly in Canadiens zone.
12:17 of 1st period - Drake Batherson is hit by Valeri Nichushkin and loses puck.
12:46 of 1st period - Icing by Rasmus Sandin.
12:47 of 1st period - Alexander Kerfoot wins face-off versus Shane Pinto in MapleLeafs zone.
12:51 of 1st period - Icing by Drake Batherson.
12:52 of 1st period - Alexander Kerfoot wins face-off versus Shane Pinto in MapleLeafs zone.
12:59 of 1st period - Shot by Alexander Kerfoot.
12:59 of 1st period - Shot Misses the Net.
13:26 of 1st period - Alexander Kerfoot is hit by Zach Whitecloud and loses puck.
13:54 of 1st period - Shot by Valeri Nichushkin.
13:54 of 1st period - Shot Misses the Net.
14:48 of 1st period - Shot by Artturi Lehkonen.
14:48 of 1st period - Shot Misses the Net.
15:53 of 1st period - Ivan Provorov is hit by Erik Cernak and loses puck.
16:37 of 1st period - Icing by Ivan Provorov.
16:38 of 1st period - Shane Pinto wins face-off versus Lars Eller in Canadiens zone.
16:41 of 1st period - Shot by Drake Batherson.
16:41 of 1st period - Shot Misses the Net.
16:43 of 1st period - Shot by John Marino.
16:43 of 1st period - Shot Blocked by Ryan Suter.
17:04 of 1st period - Icing by Ivan Provorov.
17:05 of 1st period - Noel Acciari wins face-off versus Daniel Sprong in Canadiens zone.
17:51 of 1st period - Ivan Provorov is hit by Jonathan Huberdeau and loses puck.
17:52 of 1st period - Minor Penalty to Shane Pinto for Cross-checking.
17:53 of 1st period - Leon Draisaitl wins face-off versus Noel Acciari in MapleLeafs zone.
18:04 of 1st period - Shot by Leon Draisaitl.
18:04 of 1st period - Stopped by Jordan Binnington without a rebound.
18:05 of 1st period - Ryan O'Reilly wins face-off versus Noel Acciari in MapleLeafs zone.
18:16 of 1st period - Shot by Ryan O'Reilly.
18:16 of 1st period - Shot Blocked by John Marino.
18:59 of 1st period - Icing by Ryan O'Reilly.
19:00 of 1st period - Ryan O'Reilly wins face-off versus Noel Acciari in Canadiens zone.
19:00 of 1st period - Ryan O'Reilly is hit by Noel Acciari.
19:15 of 1st period - Icing by Valeri Nichushkin.
19:16 of 1st period - Leon Draisaitl wins face-off versus Noel Acciari in Canadiens zone.
Goals for this period are 0 for MapleLeafs vs 0 for Canadiens.
Shots for this period are 1 for MapleLeafs vs 8 for Canadiens.

2nd period


0:01 of 2nd period - Filip Chytil wins face-off versus Leon Draisaitl in neutral zone.
0:26 of 2nd period - Shot by Valeri Nichushkin.
0:26 of 2nd period - Stopped by Jordan Binnington without a rebound.
0:27 of 2nd period - Shane Pinto wins face-off versus Ryan O'Reilly in MapleLeafs zone.
0:32 of 2nd period - Rasmus Sandin is hit by Artturi Lehkonen and loses puck.
0:44 of 2nd period - Icing by Drake Batherson.
0:45 of 2nd period - Shane Pinto wins face-off versus Leon Draisaitl in MapleLeafs zone.
1:58 of 2nd period - Shot by Filip Chytil.
1:58 of 2nd period - Shot Misses the Net.
2:16 of 2nd period - Shot by Teuvo Teravainen.
2:16 of 2nd period - Stopped by Jordan Binnington without a rebound.
2:17 of 2nd period - Alexander Kerfoot wins face-off versus Barrett Hayton in MapleLeafs zone.
2:18 of 2nd period - Shot by Andrew Cogliano.
2:18 of 2nd period - Stopped by Jordan Binnington without a rebound.
2:18 of 2nd period - Minor Penalty to Rasmus Sandin for Interference.
2:19 of 2nd period - Leon Draisaitl wins face-off versus Noel Acciari in MapleLeafs zone.
2:19 of 2nd period - Ivan Provorov is hit by Erik Cernak and loses puck.
2:45 of 2nd period - Shot by Noah Cates.
2:45 of 2nd period - Stopped by Elvis Merzlikins with a rebound.
2:47 of 2nd period - Shot by Noel Acciari.
2:47 of 2nd period - Shot Misses the Net.
2:49 of 2nd period - Shot by Noel Acciari.
2:49 of 2nd period - Shot Misses the Net.
2:51 of 2nd period - Shot by John Marino.
2:51 of 2nd period - Shot Misses the Net.
2:53 of 2nd period - Shot by Noel Acciari.
2:53 of 2nd period - Shot Misses the Net.
2:55 of 2nd period - Shot by Erik Cernak.
2:55 of 2nd period - Stopped by Elvis Merzlikins without a rebound.
2:56 of 2nd period - Ryan O'Reilly wins face-off versus Filip Chytil in Canadiens zone.
2:58 of 2nd period - Teuvo Teravainen is hit by Erik Cernak and loses puck.
3:08 of 2nd period - Shot by Ryan Suter.
3:08 of 2nd period - Stopped by Jordan Binnington without a rebound.
3:09 of 2nd period - Noel Acciari wins face-off versus Ryan O'Reilly in MapleLeafs zone.
3:13 of 2nd period - Off-side.
3:14 of 2nd period - Ryan O'Reilly wins face-off versus Noel Acciari in neutral zone.
5:36 of 2nd period - Filip Forsberg is hit by Rasmus Sandin and loses puck.
6:08 of 2nd period - Off-side.
6:09 of 2nd period - Filip Chytil wins face-off versus Ryan O'Reilly in neutral zone.
6:17 of 2nd period - Teuvo Teravainen is hit by Trent Frederic.
6:27 of 2nd period - Artturi Lehkonen is hit by Zach Whitecloud and loses puck.
7:13 of 2nd period - Shot by Lars Eller.
7:13 of 2nd period - Stopped by Jordan Binnington without a rebound.
7:14 of 2nd period - Shane Pinto wins face-off versus Leon Draisaitl in MapleLeafs zone.
7:14 of 2nd period - Erik Cernak is hit by Filip Forsberg and loses puck.
7:42 of 2nd period - Shot by Filip Forsberg.
7:42 of 2nd period - Stopped by Jordan Binnington without a rebound.
7:43 of 2nd period - Noel Acciari wins face-off versus Lars Eller in MapleLeafs zone.
7:43 of 2nd period - Noah Cates is hit by Anthony Mantha and loses puck.
7:53 of 2nd period - Anthony Mantha is hit by Rasmus Sandin and loses puck.
8:06 of 2nd period - Shot by Lars Eller.
8:06 of 2nd period - Deflect By Anthony Mantha.
8:06 of 2nd period - Shot Blocked by John Marino.
8:08 of 2nd period - Shot by Lars Eller.
8:08 of 2nd period - Shot Misses the Net.
8:10 of 2nd period - Shot by Daniel Sprong.
8:10 of 2nd period - Shot Misses the Net.
8:19 of 2nd period - Minor Penalty to Rasmus Sandin for Hooking.
8:20 of 2nd period - Leon Draisaitl wins face-off versus Noel Acciari in MapleLeafs zone.
8:39 of 2nd period - Shot by Filip Forsberg.
8:39 of 2nd period - Stopped by Jordan Binnington without a rebound.
8:40 of 2nd period - Ryan O'Reilly wins face-off versus Filip Chytil in MapleLeafs zone.
8:49 of 2nd period - Shot by Ryan O'Reilly.
8:49 of 2nd period - Shot Misses the Net.
8:51 of 2nd period - Shot by Artturi Lehkonen.
8:51 of 2nd period - Stopped by Jordan Binnington without a rebound.
8:52 of 2nd period - Anthony Duclair wins face-off versus Leon Draisaitl in MapleLeafs zone.
8:52 of 2nd period - Anthony Duclair is hit by Valeri Nichushkin.
9:04 of 2nd period - Noel Acciari is hit by Filip Forsberg and loses puck.
9:21 of 2nd period - Anthony Duclair is hit by Valeri Nichushkin and loses puck.
9:54 of 2nd period - Teuvo Teravainen is hit by Filip Chytil and loses puck.
10:21 of 2nd period - Shot by Ryan O'Reilly.
10:21 of 2nd period - Shot Misses the Net.
10:30 of 2nd period - Andrew Cogliano is hit by Drake Batherson.
10:44 of 2nd period - Shot by Brendan Gallagher.
10:44 of 2nd period - Shot Misses the Net.
10:49 of 2nd period - Rasmus Sandin is hit by Brendan Gallagher and loses puck.
11:40 of 2nd period - Icing by Zach Whitecloud.
11:41 of 2nd period - Ryan O'Reilly wins face-off versus Barrett Hayton in MapleLeafs zone.
11:58 of 2nd period - Shot by Ryan O'Reilly.
11:58 of 2nd period - Shot Blocked by Barrett Hayton.
12:22 of 2nd period - Shot by Ryan O'Reilly.
12:22 of 2nd period - Stopped by Jordan Binnington without a rebound.
12:23 of 2nd period - Filip Chytil wins face-off versus Valeri Nichushkin in MapleLeafs zone.
12:40 of 2nd period - Shot by Valeri Nichushkin.
12:40 of 2nd period - Shot Misses the Net.
12:42 of 2nd period - Shot by Valeri Nichushkin.
12:42 of 2nd period - Shot Misses the Net.
12:44 of 2nd period - Shot by Valeri Nichushkin.
12:44 of 2nd period - Shot Misses the Net.
12:54 of 2nd period - Shot by Valeri Nichushkin.
12:54 of 2nd period - Stopped by Jordan Binnington without a rebound.
12:55 of 2nd period - Shane Pinto wins face-off versus Lars Eller in MapleLeafs zone.
12:55 of 2nd period - Shane Pinto is hit by Lars Eller.
13:49 of 2nd period - Mattias Ekholm is hit by Shane Pinto and loses puck.
13:59 of 2nd period - Off-side.
14:00 of 2nd period - Leon Draisaitl wins face-off versus Trent Frederic in neutral zone.
14:02 of 2nd period - Minor Penalty to Zach Whitecloud for High sticking.
14:03 of 2nd period - Leon Draisaitl wins face-off versus Noel Acciari in MapleLeafs zone.
14:03 of 2nd period - Leon Draisaitl is hit by Erik Cernak.
14:05 of 2nd period - Shot by Mattias Ekholm.
14:05 of 2nd period - Stopped by Jordan Binnington without a rebound.
14:06 of 2nd period - Leon Draisaitl wins face-off versus Noel Acciari in MapleLeafs zone.
14:06 of 2nd period - Leon Draisaitl is hit by Erik Cernak.
14:09 of 2nd period - Valeri Nichushkin is hit by Erik Cernak.
14:11 of 2nd period - Shot by Leon Draisaitl.
14:11 of 2nd period - Stopped by Jordan Binnington with a rebound.
14:31 of 2nd period - Shot by Filip Forsberg.
14:31 of 2nd period - Stopped by Jordan Binnington with a rebound.
14:33 of 2nd period - Shot by Leon Draisaitl.
14:33 of 2nd period - Shot Hit the Post.
14:35 of 2nd period - Shot by Ryan Suter.
14:35 of 2nd period - Stopped by Jordan Binnington without a rebound.
14:36 of 2nd period - Filip Chytil wins face-off versus Ryan O'Reilly in MapleLeafs zone.
14:36 of 2nd period - Filip Chytil is hit by Artturi Lehkonen.
15:01 of 2nd period - Off-side.
15:02 of 2nd period - Noel Acciari wins face-off versus Leon Draisaitl in neutral zone.
15:14 of 2nd period - Shot by Leon Draisaitl.
15:14 of 2nd period - Stopped by Jordan Binnington without a rebound.
15:15 of 2nd period - Filip Chytil wins face-off versus Ryan O'Reilly in MapleLeafs zone.
15:15 of 2nd period - Filip Chytil is hit by Artturi Lehkonen.
16:19 of 2nd period - Shot by Valeri Nichushkin.
16:19 of 2nd period - Stopped by Jordan Binnington without a rebound.
16:20 of 2nd period - Lars Eller wins face-off versus Filip Chytil in MapleLeafs zone.
16:20 of 2nd period - Lars Eller is hit by Rasmus Sandin.
16:28 of 2nd period - Shot by Anthony Mantha.
16:28 of 2nd period - Shot Misses the Net.
16:42 of 2nd period - Shot by Anthony Mantha.
16:42 of 2nd period - Shot Blocked by John Marino.
17:19 of 2nd period - Minor Penalty to Drake Batherson for Hooking.
17:20 of 2nd period - Noel Acciari wins face-off versus Ryan O'Reilly in MapleLeafs zone.
17:26 of 2nd period - Icing by Artturi Lehkonen.
17:27 of 2nd period - Ryan O'Reilly wins face-off versus Noel Acciari in Canadiens zone.
17:57 of 2nd period - Ryan O'Reilly is hit by Noel Acciari and loses puck.
18:32 of 2nd period - Shot by Leon Draisaitl.
18:32 of 2nd period - Shot Blocked by Nicolas Hague.
18:36 of 2nd period - Shot by Filip Forsberg.
18:36 of 2nd period - Goal by Filip Forsberg - MapleLeafs : 0 - Canadiens : 1.
18:37 of 2nd period - Shane Pinto wins face-off versus Andrew Cogliano in neutral zone.
19:53 of 2nd period - Valeri Nichushkin is hit by Nicolas Hague and loses puck.
Goals for this period are 0 for MapleLeafs vs 1 for Canadiens.
Shots for this period are 2 for MapleLeafs vs 17 for Canadiens.

3rd period


0:01 of 3rd period - Filip Chytil wins face-off versus Ryan O'Reilly in neutral zone.
0:15 of 3rd period - Icing by Ryan O'Reilly.
0:16 of 3rd period - Ryan O'Reilly wins face-off versus Barrett Hayton in Canadiens zone.
0:52 of 3rd period - Artturi Lehkonen is hit by Zach Whitecloud and loses puck.
0:55 of 3rd period - Shot by Ryan O'Reilly.
0:55 of 3rd period - Stopped by Jordan Binnington without a rebound.
0:56 of 3rd period - Leon Draisaitl wins face-off versus Filip Chytil in MapleLeafs zone.
1:29 of 3rd period - Shot by Filip Chytil.
1:29 of 3rd period - Stopped by Elvis Merzlikins with a rebound.
1:45 of 3rd period - Icing by Ivan Provorov.
1:46 of 3rd period - Shane Pinto wins face-off versus Leon Draisaitl in Canadiens zone.
1:47 of 3rd period - Shot by Jonathan Huberdeau.
1:47 of 3rd period - Stopped by Elvis Merzlikins without a rebound.
1:48 of 3rd period - Arthur Kaliyev wins face-off versus Ryan O'Reilly in Canadiens zone.
2:48 of 3rd period - Shot by Daniel Sprong.
2:48 of 3rd period - Stopped by Jordan Binnington without a rebound.
2:49 of 3rd period - Valeri Nichushkin wins face-off versus Filip Chytil in MapleLeafs zone.
3:51 of 3rd period - Off-side.
3:52 of 3rd period - Shane Pinto wins face-off versus Ryan O'Reilly in neutral zone.
3:52 of 3rd period - Drake Batherson is hit by Ryan O'Reilly and loses puck.
3:59 of 3rd period - Shot by Ryan O'Reilly.
3:59 of 3rd period - Stopped by Jordan Binnington without a rebound.
4:00 of 3rd period - Shane Pinto wins face-off versus Ryan O'Reilly in MapleLeafs zone.
4:19 of 3rd period - Shot by Shane Pinto.
4:19 of 3rd period - Stopped by Elvis Merzlikins without a rebound.
4:20 of 3rd period - Lars Eller wins face-off versus Barrett Hayton in Canadiens zone.
4:29 of 3rd period - Shot by Alex Goligoski.
4:29 of 3rd period - Stopped by Jordan Binnington without a rebound.
4:30 of 3rd period - Shane Pinto wins face-off versus Ryan O'Reilly in MapleLeafs zone.
5:51 of 3rd period - Shot by Nicolas Hague.
5:51 of 3rd period - Stopped by Elvis Merzlikins without a rebound.
5:52 of 3rd period - Filip Chytil wins face-off versus Lars Eller in Canadiens zone.
5:55 of 3rd period - Shot by Filip Chytil.
5:55 of 3rd period - Deflect By Jonatan Berggren.
5:55 of 3rd period - Stopped by Elvis Merzlikins with a rebound.
5:57 of 3rd period - Shot by Filip Chytil.
5:57 of 3rd period - Stopped by Elvis Merzlikins without a rebound.
5:58 of 3rd period - Lars Eller wins face-off versus Filip Chytil in Canadiens zone.
6:09 of 3rd period - Shot by Daniel Sprong.
6:09 of 3rd period - Shot Blocked by Filip Chytil.
6:31 of 3rd period - Shot by Daniel Sprong.
6:31 of 3rd period - Shot Blocked by Zach Whitecloud.
6:41 of 3rd period - Shot by Anthony Mantha.
6:41 of 3rd period - Stopped by Jordan Binnington with a rebound.
7:10 of 3rd period - Shot by Barrett Hayton.
7:10 of 3rd period - Deflect By Arthur Kaliyev.
7:10 of 3rd period - Stopped by Elvis Merzlikins with a rebound.
7:12 of 3rd period - Shot by Rasmus Sandin.
7:12 of 3rd period - Shot Misses the Net.
7:16 of 3rd period - Shot by Barrett Hayton.
7:16 of 3rd period - Stopped by Elvis Merzlikins with a rebound.
7:18 of 3rd period - Shot by Barrett Hayton.
7:18 of 3rd period - Shot Misses the Net.
7:20 of 3rd period - Shot by Barrett Hayton.
7:20 of 3rd period - Shot Misses the Net.
7:22 of 3rd period - Shot by John Marino.
7:22 of 3rd period - Stopped by Elvis Merzlikins without a rebound.
7:23 of 3rd period - Ryan O'Reilly wins face-off versus Shane Pinto in Canadiens zone.
7:23 of 3rd period - Ryan O'Reilly is hit by Shane Pinto.
7:50 of 3rd period - Teuvo Teravainen is hit by Rasmus Sandin and loses puck.
7:54 of 3rd period - Minor Penalty to Rasmus Sandin for Roughing.
7:55 of 3rd period - Leon Draisaitl wins face-off versus Noel Acciari in MapleLeafs zone.
8:21 of 3rd period - Shot by Filip Forsberg.
8:21 of 3rd period - Deflect By Leon Draisaitl.
8:21 of 3rd period - Stopped by Jordan Binnington with a rebound.
8:23 of 3rd period - Shot by Ryan Suter.
8:23 of 3rd period - Shot Misses the Net.
8:25 of 3rd period - Shot by Valeri Nichushkin.
8:25 of 3rd period - Stopped by Jordan Binnington without a rebound.
8:26 of 3rd period - Noel Acciari wins face-off versus Ryan O'Reilly in MapleLeafs zone.
8:34 of 3rd period - Icing by Teuvo Teravainen.
8:35 of 3rd period - Ryan O'Reilly wins face-off versus Noel Acciari in Canadiens zone.
9:15 of 3rd period - Artturi Lehkonen is hit by Erik Cernak and loses puck.
9:18 of 3rd period - Shot by Ivan Provorov.
9:18 of 3rd period - Stopped by Jordan Binnington without a rebound.
9:19 of 3rd period - Leon Draisaitl wins face-off versus Filip Chytil in MapleLeafs zone.
9:31 of 3rd period - Shot by Valeri Nichushkin.
9:31 of 3rd period - Stopped by Jordan Binnington without a rebound.
9:32 of 3rd period - Leon Draisaitl wins face-off versus Noah Cates in MapleLeafs zone.
9:54 of 3rd period - Anthony Duclair is hit by Trevor van Riemsdyk.
9:59 of 3rd period - Drake Batherson is hit by Trevor van Riemsdyk and loses puck.
10:08 of 3rd period - Shot by Drake Batherson.
10:08 of 3rd period - Deflect By Shane Pinto.
10:08 of 3rd period - Shot Misses the Net.
10:17 of 3rd period - Drake Batherson is hit by Alex Goligoski and loses puck.
10:37 of 3rd period - Minor Penalty to Alex Goligoski for High sticking.
10:38 of 3rd period - Ryan O'Reilly wins face-off versus Filip Chytil in Canadiens zone.
10:48 of 3rd period - John Marino is hit by Ivan Provorov and loses puck.
12:46 of 3rd period - Shot by Noel Acciari.
12:46 of 3rd period - Stopped by Elvis Merzlikins without a rebound.
12:47 of 3rd period - Lars Eller wins face-off versus Noel Acciari in Canadiens zone.
12:47 of 3rd period - Lars Eller is hit by Noel Acciari.
13:15 of 3rd period - Shot by Anthony Mantha.
13:15 of 3rd period - Shot Blocked by Erik Cernak.
13:17 of 3rd period - Shot by Lars Eller.
13:17 of 3rd period - Deflect By Anthony Mantha.
13:17 of 3rd period - Shot Misses the Net.
13:31 of 3rd period - Shot by Anthony Mantha.
13:31 of 3rd period - Shot Misses the Net.
13:51 of 3rd period - Shot by Valeri Nichushkin.
13:51 of 3rd period - Deflect By Leon Draisaitl.
13:51 of 3rd period - Goal by Leon Draisaitl - MapleLeafs : 0 - Canadiens : 2.
13:52 of 3rd period - Ryan O'Reilly wins face-off versus Barrett Hayton in neutral zone.
14:45 of 3rd period - Icing by Barrett Hayton.
14:46 of 3rd period - Barrett Hayton wins face-off versus Leon Draisaitl in MapleLeafs zone.
16:04 of 3rd period - Shot by Alexander Kerfoot.
16:04 of 3rd period - Shot Blocked by Filip Chytil.
16:08 of 3rd period - Shot by Andrew Cogliano.
16:08 of 3rd period - Stopped by Jordan Binnington without a rebound.
16:09 of 3rd period - Noel Acciari wins face-off versus Ryan O'Reilly in MapleLeafs zone.
16:36 of 3rd period - Shot by Ryan O'Reilly.
16:36 of 3rd period - Shot Misses the Net.
16:48 of 3rd period - Shot by Ryan O'Reilly.
16:48 of 3rd period - Shot Misses the Net.
16:50 of 3rd period - Shot by Ryan O'Reilly.
16:50 of 3rd period - Stopped by Jordan Binnington without a rebound.
16:51 of 3rd period - Leon Draisaitl wins face-off versus Barrett Hayton in MapleLeafs zone.
16:51 of 3rd period - Leon Draisaitl is hit by Zach Whitecloud.
16:55 of 3rd period - Shot by Jaccob Slavin.
16:55 of 3rd period - Shot Misses the Net.
17:02 of 3rd period - Minor Penalty to Jaccob Slavin for Tripping.
17:03 of 3rd period - Shane Pinto wins face-off versus Ryan O'Reilly in Canadiens zone.
17:12 of 3rd period - Shot by Zach Whitecloud.
17:12 of 3rd period - Shot Misses the Net.
17:43 of 3rd period - Shot by Drake Batherson.
17:43 of 3rd period - Stopped by Elvis Merzlikins with a rebound.
18:24 of 3rd period - Icing by Filip Chytil.
18:25 of 3rd period - Ryan O'Reilly wins face-off versus Filip Chytil in MapleLeafs zone.
19:01 of 3rd period - Shot by Nicolas Hague.
19:01 of 3rd period - Stopped by Elvis Merzlikins without a rebound.
19:02 of 3rd period - Leon Draisaitl wins face-off versus Noel Acciari in Canadiens zone.
19:02 of 3rd period - Mattias Ekholm is hit by Noel Acciari and loses puck.
19:11 of 3rd period - Shot by Noah Cates.
19:11 of 3rd period - Stopped by Elvis Merzlikins without a rebound.
19:12 of 3rd period - Noel Acciari wins face-off versus Lars Eller in Canadiens zone.
19:17 of 3rd period - Shot by Noel Acciari.
19:17 of 3rd period - Shot Misses the Net.
19:23 of 3rd period - Noel Acciari is hit by Anthony Mantha and loses puck.
19:43 of 3rd period - Icing by Noel Acciari.
19:44 of 3rd period - Noel Acciari wins face-off versus Leon Draisaitl in MapleLeafs zone.
19:57 of 3rd period - Shot by Valeri Nichushkin.
19:57 of 3rd period - Deflect By Leon Draisaitl.
19:57 of 3rd period - Shot Blocked by Noel Acciari.
Goals for this period are 0 for MapleLeafs vs 1 for Canadiens.
Shots for this period are 13 for MapleLeafs vs 12 for Canadiens.